 Dungeon Crawl Stone Soup version 0.22-a0-322-g60b3cfd402 (webtiles) character file.

98 floatboth the Digger (level 5, -4/35 HPs)
             Began as a Human Earth Elementalist on Apr 5, 2018.
             Killed by nerve-wracking pain
             ... invoked by an orc priest
              (9 damage)
             ... on level 3 of the Dungeon.
             The game lasted 00:03:40 (1769 turns).

floatboth the Digger (Human Earth Elementalist)     Turns: 1769, Time: 00:03:41

Health: -4/35      AC:  2    Str:  6    XL:     5   Next: 0%
Magic:  8/8        EV: 18    Int: 18    God:
Gold:   31         SH:  0    Dex: 19    Spells: 2/8 levels left

rFire    . . .     SeeInvis .   a - +2 dagger (venom)
rCold    . . .     Gourm    .   (no shield)
rNeg     . . .     Faith    .   c - +0 robe
rPois    .         Spirit   .   (helmet restricted)
rElec    .         Reflect  .   (no cloak)
rCorr    .         Harm     .   (no gloves)
MR       .....                  (no boots)
Stlth    +++.......             (no amulet)
HPRegen  0.11/turn              (no ring)
MPRegen  0.11/turn              (no ring)

@: agile
A: horns 1, clever 1, sense surroundings 1, weak 1
a: no special abilities


You were on level 3 of the Dungeon.
You were not hungry.

You visited 1 branch of the dungeon, and saw 3 of its levels.

You collected 31 gold pieces.

Inventory:

Hand Weapons
 a - a +2 dagger of venom (weapon)
Missiles
 b - 61 stones (quivered)
 h - a throwing net
Armour
 c - a +0 robe (worn)
Jewellery
 g - a +3 ring of evasion {unknown}
Scrolls
 e - 2 scrolls of identify {unknown}
 i - 2 scrolls of remove curse {unknown}
 k - 2 scrolls of fog {unknown}
Comestibles
 d - 2 rations
 m - 5 chunks of flesh


   Skills:
 - Level 2.0 Dodging
 - Level 2.0 Stealth
 - Level 2.0 Spellcasting
 - Level 1.0 Transmutations
 + Level 5.3 Earth Magic


You had 2 spell levels left.
You knew the following spells:

 Your Spells              Type           Power        Failure   Level  Hunger
x - Stone Arrow           Conj/Erth      ##....       19%         3    ###....
z - Sandblast             Erth           ###...       1%          1    #......
N - Passwall              Tmut/Erth      ##........   8%          2    ###....


Dungeon Overview and Level Annotations

Branches:
Dungeon (3/15)

Altars:


Innate Abilities, Weirdness & Mutations

You have a pair of small horns on your head.
Your mind is acute. (Int +2)
You passively map a small area around you.
You are weak. (Str -2)


Message History

The orc misses you.
It was a potion of mutation.
You feel extremely strange.
You feel a strange attunement to the structure of the dungeons.
A pair of horns grows on your head!
You feel weaker.
You feel clever. The orc closely misses you.
The orc priest hits you with a club.
* * * LOW HITPOINT WARNING * * *
The orc barely misses you.
You feel more agile all of a sudden. The orc completely misses you.
The orc priest barely misses you. The orc hits you with a falchion.
* * * LOW HITPOINT WARNING * * *
The orc hits you but does no damage. The orc completely misses you.
You barely miss the orc priest.
The orc priest is heavily wounded.
The orc priest closely misses you.
You hit the orc priest but do no damage.
The orc priest is heavily wounded.
The orc priest invokes the aid of Beogh against you.
Pain shoots through your body!
You die...

, ...... , , ,
#.....### , ,
.......?#
#.#.###.# , , ,
...#.#* , *
#.#.#.##,, ,
#....o)# *
###.#o##, , * ,
, , ...#@# , ,
.[.............
, ,
#######.####...
* , , ... * * *
#.. * ###. , *
,, . , , ,, *..
, * * * ,


You could see an orc priest and an orc.

Vanquished Creatures
  An orc priest (D:3)
  An adder (D:2)
  5 dart slugs (D:1)
  3 leopard geckos (D:1)
  2 orcs
  5 bats
  7 goblins (D:1)
  5 hobgoblins
  9 kobolds
  4 frilled lizards
  4 rats (D:1)
46 creatures vanquished.

Notes
Turn   | Place    | Note
-------+----------+-------------------------------------------
     0 | D:1      | floatboth the Human Earth Elementalist began the quest for the Orb.
     0 | D:1      | Reached XP level 1. HP: 13/13 MP: 3/3
    63 | D:1      | Reached XP level 2. HP: 13/19 MP: 1/5
   527 | D:1      | Reached skill level 4 in Earth Magic
   527 | D:1      | Reached XP level 3. HP: 24/24 MP: 6/6
   532 | D:1      | Learned a level 3 spell: Stone Arrow
   546 | D:1      | Learned a level 2 spell: Passwall
  1177 | D:1      | Reached XP level 4. HP: 30/30 MP: 7/7
  1756 | D:3      | Reached skill level 5 in Earth Magic
  1756 | D:3      | Reached XP level 5. HP: 31/35 MP: 8/8
  1763 | D:3      | HP: 6/35 [orc priest/club (3)]
  1764 | D:3      | Gained mutation: You passively map a small area around you. [potion of mutation]
  1764 | D:3      | Gained mutation: You have a pair of small horns on your head. [potion of mutation]
  1764 | D:3      | Gained mutation: You are weak. (Str -2) [potion of mutation]
  1764 | D:3      | Gained mutation: Your mind is acute. (Int +2) [potion of mutation]
  1769 | D:3      | Killed from afar by an orc priest

Vault maps used:
D:1:      erik_arrival_cave_to_civilisation, minmay_misc_feat_tower,
          minmay_misc_feat_diagonals, st_stairs_11
D:3:      uniq_ijyb, uniq_terence

Skill      XL: |  1  2  3  4 |
---------------+-------------+-----
Earth Magic    | 4 5 |  5.3
Dodging        | |  2.0
Stealth        | |  2.0
Spellcasting   | |  2.0
Transmutations | |  1.0

Action                   |  1- 3 |  4- 6 || total
-------------------------+-------+-------++-------
Melee: Dagger            |    77 |    38 ||   115
 Cast: Sandblast         |     3 |       ||     3
  Use: Potion            |       |     4 ||     4
 Stab: Sleeping          |     3 |     1 ||     4
  Eat: Chunk             |       |     3 ||     3
Armor: Robe              |    13 |    11 ||    24
Dodge: Dodged            |    47 |    48 ||    95

Table legend:
 A = Spawn XP
 B = Non-spawn XP
 C = Spawn XP percentage of total XP
 D = Spawn monster count
 E = Non-spawn monster count
 F = Spawn count percentage of total count
 G = Total turns spent on level
                    A         B        C        D         E        F      G
               +---------+---------+-------+---------+---------+-------+---------
         Total |       0 |     140 |   0.0 |       0 |      46 |   0.0 |  1769
               +---------+---------+-------+---------+---------+-------+---------
           D:1 |       0 |      73 |   0.0 |       0 |      37 |   0.0 |  1458
           D:2 |       0 |      23 |   0.0 |       0 |       7 |   0.0 |   279
           D:3 |       0 |      44 |   0.0 |       0 |       2 |   0.0 |    32
               +---------+---------+-------+---------+---------+-------+---------
